 Dungeon Crawl Stone Soup version 0.18.1-48-g4cf74bf (webtiles) character file.

68 Krapule the Charmwright (level 4, 0/51 HPs)
             Began as a Merfolk Skald on Aug 8, 2016.
             Succumbed to an adder's poison
             ... on level 2 of the Dungeon.
             The game lasted 00:03:19 (1268 turns).

Krapule the Charmwright (Merfolk Skald)             Turns: 1268, Time: 00:03:19

Health: 0/51       AC: 22    Str: 12    XL:     4   Next: 19%
Magic:  7/7        EV:  2    Int: 11    God:
Gold:   74         SH:  0    Dex: 14    Spells: 1 memorised, 6 levels left

rFire  . . .     SeeInvis .     a - +0 spear
rCold  . . .     Gourm    .     (armour currently unavailable)
rNeg   + + +     Faith    .     (no shield)
rPois  +         Spirit   .     (helmet currently unavailable)
rElec  .         Dismiss  .     (cloak currently unavailable)
rCorr  .         Reflect  .     (gloves currently unavailable)
SustAt .         Harm     .     (boots currently unavailable)
MR     .....     NoTele   +     (no amulet)
Stlth  +.........               (no ring)
                                (no ring)

@: lethally poisoned (0 -> -4), tree-form, very slightly contaminated,
invisible, not resistant to hostile enchantments, very unstealthy
A: (change form in water), (swift swim)
a: no special abilities


You were on level 2 of the Dungeon.
You were not hungry.
You were a tree.
You visited 1 branch of the dungeon, and saw 2 of its levels.

You collected 74 gold pieces.

Inventory:

Hand Weapons
 a - a +0 spear (weapon)
Armour
 b - a +0 leather armour (melded)
Scrolls
 e - 2 scrolls of identify {unknown}
 h - a scroll of enchant armour {unknown}
 j - 2 scrolls of recharging {unknown}
 l - a scroll of fog {unknown}
Books
 c - a book of Battle

   Spells                             Type                      Level
   a - Infusion                       Charms                       1
   b - Shroud of Golubria             Charms/Translocation         2
   c - Song of Slaying                Charms                       2
   d - Spectral Weapon                Hexes/Charms                 3
   e - Regeneration                   Charms/Necromancy            3
Comestibles
 d - a bread ration
 f - a slice of pizza
 i - a meat ration


   Skills:
 + Level 2.7 Fighting
 + Level 3.5 Polearms
 + Level 1.3 Armour
 + Level 2.5 Dodging
 + Level 2.3 Spellcasting
 + Level 3.6 Charms


You had 6 spell levels left.
You knew the following spells:

 Your Spells              Type           Power        Failure   Level  Hunger
a - Infusion              Chrm           #...         10%         1    ##.....


Dungeon Overview and Level Annotations

Branches:
Dungeon (2/15)

Altars:


Message History

You hit the kobold but do no damage.
The kobold is moderately wounded.
* * * LOW HITPOINT WARNING * * *
You feel sick. The kobold misses you.
You hit the kobold.
You kill the kobold!
A bat comes into view.
* * * LOW HITPOINT WARNING * * *
You feel sick.
You see here 3 stones.
Drink which item? (? for menu, Esc to quit)
It was a potion of invisibility.
You fade into invisibility!
The bat barely misses you.
You are very lightly contaminated with residual magic.
Drink which item? (? for menu, Esc to quit)
It was a potion of lignification.
You turn into a tree.
Your +0 leather armour melds into your body.
Your roots penetrate the ground.
You die...

..........#.##.#####
#.......#.##.# ##
#####...###.##.# ##.
#.......# #.##.###..
###.####### #.##.#....
#..........##.##.#....
#.#(######.##. #..#.
#.#.####....... #..##
#....♣b.......#.##..##
#...####.#.#..........
#.... # ..#.##..##
#..#. #..####..# #..
K# .........# #.. ..
#.####.## ##. ## #.# #
#.### #...)


You could see a bat.

Vanquished Creatures
  3 adders (D:2)
  A worm (D:2)
  A dart slug (D:1)
  2 giant geckos
  A ball python (D:2)
  3 bats
  4 giant cockroaches
  4 goblins
  4 hobgoblins (D:1)
  A quokka (D:2)
  4 kobolds
  4 rats
32 creatures vanquished.

Notes
Turn   | Place    | Note
--------------------------------------------------------------
     0 | D:1      | Krapule the Merfolk Skald began the quest for the Orb.
     0 | D:1      | Reached XP level 1. HP: 16/16 MP: 3/3
   224 | D:1      | Reached skill level 1 in Armour
   224 | D:1      | Reached XP level 2. HP: 19/22 MP: 5/5
   767 | D:2      | Reached XP level 3. HP: 23/28 MP: 6/6
  1245 | D:2      | Reached XP level 4. HP: 31/34 MP: 7/7
  1266 | D:2      | HP: 1/34 [poisoned by an adder]
  1268 | D:2      | Succumbed to an adder's poison

Skill      XL: |  1  2  3 |
---------------+----------+-----
Armour         | 1 |  1.3
Dodging        | 2 |  2.5
Fighting       | |  2.7
Polearms       | |  3.5
Spellcasting   | |  2.3
Charms         | |  3.6

Action                   |  1- 3 |  4- 6 || total
-------------------------+-------+-------++-------
Melee: Spear             |   160 |    19 ||   179
  Use: Potion            |     2 |     2 ||     4
 Stab: Sleeping          |     2 |       ||     2
  Eat: Chunk             |     1 |       ||     1
Armor: Leather armour    |    32 |     1 ||    33
Dodge: Dodged            |    85 |    17 ||   102
